PCL
SPOKANE TRAPPERS @ SAN JOSE MISSIONS
06/05/2023
 
TOP OF THE 1ST
Spokane Trappers batting - Pitching for San Jose Missions : LHP Floyd Dye
Pitching: LHP Floyd Dye
Batting: RHB Pedro Guzmán 0-0: DOUBLE (Flyball, 89D)
Batting: RHB Mario Hernández 0-0: Called Strike
0-1: Ball
1-1: Called Strike
1-2: Ball
2-2: Ball
3-2: Strikes out swinging
Batting: SHB Esteban Silva 0-0: Called Strike
0-1: Ball
1-1: Foul Ball, location: 2F
1-2: Fly out, F3 (Popup, 4S)
Batting: RHB John Craig 0-0: Foul Ball, location: 2F
0-1: Ball
1-1: Called Strike
1-2: Strikes out swinging
Top of the 1st over - 0 run(s), 1 hit(s), 0 error(s), 1 left on base; Spokane 0 - San Jose 0
BOTTOM OF THE 1ST
San Jose Missions batting - Pitching for Spokane Trappers : RHP Tomás Molina
Pitching: RHP Tomás Molina
Batting: RHB José Martínez 0-0: Ball
1-0: Ball
2-0: Swinging Strike
2-1: Swinging Strike
2-2: Ball
3-2: Strikes out looking
Batting: LHB Raúl García 0-0: Called Strike
0-1: Ball
1-1: Ball
2-1: Ball
3-1: Ground out 4-3 (Groundball, 34)
Batting: RHB Ed Starr 0-0: Called Strike
0-1: Swinging Strike
0-2: Ball
1-2: Strikes out looking
Bottom of the 1st over - 0 run(s), 0 hit(s), 0 error(s), 0 left on base; Spokane 0 - San Jose 0
TOP OF THE 2ND
Spokane Trappers batting - Pitching for San Jose Missions : LHP Floyd Dye
Batting: LHB Pete Carter 0-0: Ball
1-0: Foul Ball, location: 2F
1-1: Swinging Strike
1-2: Foul Ball, location: 2F
1-2: Ball
2-2: Foul Ball, location: 2F
2-2: Strikes out swinging
Batting: RHB Guy Miller 0-0: Swinging Strike
0-1: Ball
1-1: Ball
2-1: Called Strike
2-2: Fly out, F8 (Line Drive, 8RM)
Batting: LHB Henry Leroux 0-0: Ball
1-0: Foul Ball, location: 2F
1-1: Ball
2-1: Ball
3-1: Called Strike
3-2: Base on Balls
Batting: RHB Jorge Montoya 0-0: Fly out, F2 (Popup, 25F)
Top of the 2nd over - 0 run(s), 0 hit(s), 0 error(s), 1 left on base; Spokane 0 - San Jose 0
BOTTOM OF THE 2ND
San Jose Missions batting - Pitching for Spokane Trappers : RHP Tomás Molina
Batting: LHB Miguel Montés 0-0: Foul Ball, location: 2F
0-1: Ball
1-1: Foul Ball, location: 2F
1-2: Ground out 5-3 (Groundball, 56)
Batting: LHB Dave Marshall 0-0: Ground out 1-3 (Groundball, 25)
Batting: LHB Mel Jones 0-0: Swinging Strike
0-1: Ball
1-1: Hit by Pitch
Batting: RHB Mike Gordon 0-0: Ball
1-0: Called Strike
1-1: Ball
2-1: Swinging Strike
2-2: Ball
3-2: Strikes out swinging
Bottom of the 2nd over - 0 run(s), 0 hit(s), 0 error(s), 1 left on base; Spokane 0 - San Jose 0
TOP OF THE 3RD
Spokane Trappers batting - Pitching for San Jose Missions : LHP Floyd Dye
Batting: RHB Dani Rodríguez 0-0: Called Strike
0-1: Called Strike
0-2: Foul Ball, location: 2F
0-2: Ball
1-2: Ball
2-2: Strikes out looking
Batting: RHB Pedro Guzmán 0-0: Called Strike
0-1: Called Strike
0-2: Strikes out swinging
Batting: RHB Mario Hernández 0-0: Called Strike
0-1: Ball
1-1: Ball
2-1: Called Strike
2-2: Foul Ball, location: 2F
2-2: Ball
3-2: Strikes out looking
Top of the 3rd over - 0 run(s), 0 hit(s), 0 error(s), 0 left on base; Spokane 0 - San Jose 0
BOTTOM OF THE 3RD
San Jose Missions batting - Pitching for Spokane Trappers : RHP Tomás Molina
Batting: LHB John Brady 0-0: Ball
1-0: Ball
2-0: Ball
3-0: Called Strike
3-1: Called Strike
3-2: Base on Balls
Batting: RHB Stéphane Lambert 0-0: Called Strike
0-1: Swinging Strike
0-2: Ground out 4-3 (Groundball, 4M)
John Brady to second
Batting: RHB José Martínez 0-0: Foul Ball, location: 2F
0-1: Fly out, F7 (Flyball, 7M)
Batting: LHB Raúl García 0-0: Ball
1-0: Foul Ball, location: 2F
1-1: Foul Ball, location: 2F
1-2: Strikes out swinging
Bottom of the 3rd over - 0 run(s), 0 hit(s), 0 error(s), 1 left on base; Spokane 0 - San Jose 0
TOP OF THE 4TH
Spokane Trappers batting - Pitching for San Jose Missions : LHP Floyd Dye
Batting: SHB Esteban Silva 0-0: Ball
1-0: Fly out, F8 (Flyball, 8LXD)
Batting: RHB John Craig 0-0: Ball
1-0: Ball
2-0: Called Strike
2-1: Foul Ball, location: 2F
2-2: Foul Ball, location: 2F
2-2: Ball
3-2: Foul Ball, location: 2F
3-2: Strikes out swinging
Batting: LHB Pete Carter 0-0: Ball
1-0: Foul Ball, location: 2F
1-1: Ball
2-1: Swinging Strike
2-2: Ball
3-2: Strikes out swinging
Top of the 4th over - 0 run(s), 0 hit(s), 0 error(s), 0 left on base; Spokane 0 - San Jose 0
BOTTOM OF THE 4TH
San Jose Missions batting - Pitching for Spokane Trappers : RHP Tomás Molina
Batting: RHB Ed Starr 0-0: Ball
1-0: Foul Ball, location: 2F
1-1: Ball
2-1: Called Strike
2-2: Strikes out looking
Batting: LHB Miguel Montés 0-0: Ball
1-0: Called Strike
1-1: Called Strike
1-2: Strikes out swinging
Batting: LHB Dave Marshall 0-0: Ball
1-0: Foul Ball, location: 2F
1-1: Ball
2-1: Ball
3-1: Fly out, F7 (Flyball, 7M)
Bottom of the 4th over - 0 run(s), 0 hit(s), 0 error(s), 0 left on base; Spokane 0 - San Jose 0
TOP OF THE 5TH
Spokane Trappers batting - Pitching for San Jose Missions : LHP Floyd Dye
Batting: RHB Guy Miller 0-0: Ground out 6-3 (Groundball, 6M)
Batting: LHB Henry Leroux 0-0: Ball
1-0: Called Strike
1-1: Swinging Strike
1-2: Ball
2-2: Foul Ball, location: 2F
2-2: Strikes out swinging
Batting: RHB Jorge Montoya 0-0: Called Strike
0-1: Ball
1-1: Ball
2-1: Ball
3-1: Base on Balls
Batting: RHB Dani Rodríguez 0-0: SINGLE (Line Drive, 78S)
Jorge Montoya to second
Pitching: RHP Gabriel Moore
Batting: RHB Pedro Guzmán 0-0: Called Strike
0-1: Swinging Strike
0-2: Ball
1-2: Ball
2-2: Fielders Choice at 2nd, U4 (Groundball, 4M)
Top of the 5th over - 0 run(s), 1 hit(s), 0 error(s), 2 left on base; Spokane 0 - San Jose 0
BOTTOM OF THE 5TH
San Jose Missions batting - Pitching for Spokane Trappers : RHP Tomás Molina
Batting: LHB Mel Jones 0-0: Ball
1-0: Foul Ball, location: 2F
1-1: Foul Ball, location: 2F
1-2: Ball
2-2: Strikes out looking
Batting: RHB Mike Gordon 0-0: Called Strike
0-1: Swinging Strike
0-2: Strikes out swinging
Batting: LHB John Brady 0-0: Foul Ball, location: 2F
0-1: Ball
1-1: Ball
2-1: Called Strike
2-2: Strikes out swinging
Bottom of the 5th over - 0 run(s), 0 hit(s), 0 error(s), 0 left on base; Spokane 0 - San Jose 0
TOP OF THE 6TH
Spokane Trappers batting - Pitching for San Jose Missions : RHP Gabriel Moore
Pitching: RHP Anthony Jones
Batting: RHB Mario Hernández 0-0: Ball
1-0: Fly out, F9 (Flyball, 89M)
Batting: SHB Esteban Silva 0-0: Ball
1-0: Ball
2-0: Ball
3-0: SOLO HOME RUN (Flyball, 8RXD), Distance : 439 ft
Batting: RHB John Craig 0-0: Called Strike
0-1: Swinging Strike
0-2: Ball
1-2: Ball
2-2: Ball
3-2: Fly out, F3 (Popup, 23)
Batting: LHB Pete Carter 0-0: Ball
1-0: Foul Ball, location: 2F
1-1: DOUBLE (Line Drive, 89XD)
Batting: RHB Guy Miller 0-0: Ball
1-0: Fly out, F9 (Flyball, 9LM)
Top of the 6th over - 1 run(s), 2 hit(s), 0 error(s), 1 left on base; Spokane 1 - San Jose 0
BOTTOM OF THE 6TH
San Jose Missions batting - Pitching for Spokane Trappers : RHP Tomás Molina
Batting: RHB Stéphane Lambert 0-0: Ground out 4-3 (Groundball, 4M)
Batting: RHB José Martínez 0-0: Ball
1-0: Called Strike
1-1: Ball
2-1: Foul Ball, location: 2F
2-2: Ball
3-2: Base on Balls
Batting: LHB Raúl García 0-0: Ball
José Martínez steals 2nd base
1-0: Ground out 6-3 (Groundball, 6)
Batting: RHB Ed Starr 0-0: Called Strike
0-1: Called Strike
0-2: Strikes out swinging
Bottom of the 6th over - 0 run(s), 0 hit(s), 0 error(s), 1 left on base; Spokane 1 - San Jose 0
TOP OF THE 7TH
Spokane Trappers batting - Pitching for San Jose Missions : RHP Anthony Jones
Batting: LHB Henry Leroux 0-0: Ball
1-0: Fly out, F7 (Flyball, 7S)
Batting: RHB Jorge Montoya 0-0: Ball
1-0: Called Strike
1-1: Ball
2-1: Foul Ball, location: 2F
2-2: Foul Ball, location: 2F
2-2: Strikes out swinging
Batting: RHB Dani Rodríguez 0-0: Foul Ball, location: 2F
0-1: Called Strike
0-2: Ball
1-2: Ball
2-2: Foul Ball, location: 2F
2-2: Foul Ball, location: 2F
2-2: SINGLE (Line Drive, 34)
Pinch Hitting: LHB Juan Cortés 0-0: Foul Ball, location: 2F
0-1: Ball
1-1: Called Strike
Dani Rodríguez is caught stealing 2nd base
Top of the 7th over - 0 run(s), 1 hit(s), 0 error(s), 0 left on base; Spokane 1 - San Jose 0
BOTTOM OF THE 7TH
San Jose Missions batting - Pitching for Spokane Trappers : RHP Tomás Molina
Now in RF: Juan Cortés
Batting: LHB Miguel Montés 0-0: Ball
1-0: Called Strike
1-1: Called Strike
1-2: Ground out U3 (Groundball, 3S)
Batting: LHB Dave Marshall 0-0: Swinging Strike
0-1: Foul Ball, location: 2F
0-2: Ball
1-2: Ground out 6-3 (Groundball, 6M)
Batting: LHB Mel Jones 0-0: Called Strike
0-1: Swinging Strike
0-2: Ball
1-2: Ball
2-2: Strikes out swinging
Bottom of the 7th over - 0 run(s), 0 hit(s), 0 error(s), 0 left on base; Spokane 1 - San Jose 0
TOP OF THE 8TH
Spokane Trappers batting - Pitching for San Jose Missions : RHP Anthony Jones
Batting: LHB Juan Cortés 0-0: Ball
1-0: Ball
2-0: Called Strike
2-1: SOLO HOME RUN (Flyball, 9D), Distance : 392 ft
Batting: RHB Mario Hernández 0-0: Called Strike
0-1: Foul Ball, location: 2F
0-2: Ball
1-2: Ball
2-2: Fly out, F9 (Flyball, 89D)
Batting: SHB Esteban Silva 0-0: Foul Ball, location: 2F
0-1: Ball
1-1: SINGLE (Groundball, 34D)
Batting: RHB John Craig 0-0: Ball
1-0: SINGLE (Groundball, 56D)
Esteban Silva to second
Batting: LHB Pete Carter 0-0: Called Strike
0-1: Ball
1-1: Ball
2-1: Foul Ball, location: 2F
2-2: SINGLE (Groundball, 3S) (infield hit)
Esteban Silva to third
John Craig to second
Batting: RHB Guy Miller 0-0: Foul Ball, location: 2F
0-1: Ball
1-1: Foul Ball, location: 2F
1-2: Ball
2-2: Ball
3-2: Base on Balls
Esteban Silva scores
John Craig to third
Pete Carter to second
Batting: LHB Henry Leroux 0-0: Ball
Wild Pitch!
John Craig scores
Pete Carter to third
Guy Miller to second
1-0: Intentional Walk
Pitching: LHP Michael Johnson
Batting: RHB Jorge Montoya 0-0: Foul Ball, location: 2F
Balk!
Pete Carter scores
Guy Miller to third
Henry Leroux to second
0-1: Foul Ball, location: 2F
0-2: Fly out, F6 (Popup, 6D)
Batting: RHB Dani Rodríguez 0-0: Ball
1-0: Called Strike
1-1: Ball
Wild Pitch!
Guy Miller scores
Henry Leroux to third
2-1: Ground out 3-1 (Groundball, 34)
Top of the 8th over - 5 run(s), 4 hit(s), 0 error(s), 1 left on base; Spokane 6 - San Jose 0
BOTTOM OF THE 8TH
San Jose Missions batting - Pitching for Spokane Trappers : RHP Tomás Molina
Batting: RHB Mike Gordon 0-0: Called Strike
0-1: Swinging Strike
0-2: Ball
1-2: Strikes out swinging
Batting: LHB John Brady 0-0: Fly out, F6 (Line Drive, 6D)
Batting: RHB Stéphane Lambert 0-0: Ball
1-0: Ball
2-0: Foul Ball, location: 2F
2-1: Foul Ball, location: 2F
2-2: Ball
3-2: Fly out, F4 (Popup, 4MS)
Bottom of the 8th over - 0 run(s), 0 hit(s), 0 error(s), 0 left on base; Spokane 6 - San Jose 0
TOP OF THE 9TH
Spokane Trappers batting - Pitching for San Jose Missions : LHP Michael Johnson
Batting: LHB Juan Cortés 0-0: SOLO HOME RUN (Flyball, 9D), Distance : 398 ft
Batting: RHB Mario Hernández 0-0: Ball
1-0: Foul Ball, location: 2F
1-1: Called Strike
1-2: Foul Ball, location: 2F
1-2: Ground out 6-3 (Groundball, 6)
Batting: SHB Esteban Silva 0-0: Fly out, F8 (Flyball, 78D)
Batting: RHB John Craig 0-0: SINGLE (Line Drive, 8RS)
Batting: LHB Pete Carter 0-0: Called Strike
0-1: Ball
1-1: Called Strike
1-2: Fly out, F5 (Popup, 5F)
Top of the 9th over - 1 run(s), 2 hit(s), 0 error(s), 1 left on base; Spokane 7 - San Jose 0
BOTTOM OF THE 9TH
San Jose Missions batting - Pitching for Spokane Trappers : RHP Tomás Molina
Batting: RHB José Martínez 0-0: Called Strike
0-1: Ball
1-1: Ball
2-1: Ball
3-1: Foul Ball, location: 2F
3-2: Reached on error, E5 (Groundball, 5S)
Batting: LHB Raúl García 0-0: Ball
1-0: Swinging Strike
1-1: Foul Ball, location: 2F
1-2: Ground out 2-3 (Groundball, 2L)
José Martínez to third
Batting: RHB Ed Starr 0-0: Called Strike
0-1: Ball
1-1: SINGLE (Line Drive, 4D)
José Martínez scores
Pitching: RHP Astolfo Bolo
Batting: LHB Miguel Montés 0-0: Foul Ball, location: 2F
0-1: Grounds into double play, 4-6-3 (Groundball, 4)
Bottom of the 9th over - 1 run(s), 1 hit(s), 1 error(s), 0 left on base; Spokane 7 - San Jose 1
This league is powered by Out of the Park Baseball, the baseball management simulation game for PC, Mac and Linux
Wednesday, December 2nd, 2015 - OOTP Baseball 16.8 Build 38